 Dungeon Crawl Stone Soup version 0.17.1-2-g5865329 (webtiles) character file.

369 FortyThree the Firebug (level 6, -3/45 HPs)
             Began as a Hill Orc Fire Elementalist on Feb 4, 2016.
             Slain by a centaur skeleton (6 damage)
             ... on level 5 of the Dungeon.
             The game lasted 00:11:43 (3945 turns).

FortyThree the Firebug (Hill Orc Fire Elementalist) Turns: 3945, Time: 00:11:43

Health: -3/45      AC:  2    Str: 12    XL:     6   Next: 70%
Magic:  2/8        EV: 12    Int: 16    God:
Gold:   200        SH:  0    Dex: 11    Spells: 3 memorised, 2 levels left

rFire  + . .     SeeInvis .     n - +0 trident
rCold  x . .     Clarity  .     a - +0 robe
rNeg   . . .     SustAt   .     (no shield)
rPois  .         Gourm    .     (no helmet)
rElec  .         Spirit   .     (no cloak)
rCorr  .         Warding  .     (no gloves)
rMut   .         Rnd*Tele +     (no boots)
MR     .....                    (no amulet)
Stlth  ++........               s - ring of teleportation (curse)
                                j - ring of fire

@: lethally poisoned (-3 -> -5), very slightly contaminated, hasted (expiring),
very quick, not resistant to hostile enchantments, unstealthy
A: no striking features
a: Evoke Teleportation


You were on level 5 of the Dungeon.
You were very hungry.

You visited 1 branch of the dungeon, and saw 5 of its levels.

You collected 200 gold pieces.

Inventory:

Hand Weapons
 f - a +0 dagger
 n - a +0 trident (weapon)
Armour
 a - a +0 robe (worn)
Jewellery
 g - an uncursed ring of stealth
 i - a +2 ring of intelligence
 j - a ring of fire (left hand)
 o - a +4 ring of dexterity
 s - a cursed ring of teleportation (right hand)
Potions
 e - a potion of cure mutation
 k - a potion of haste
 m - a potion of curing {unknown}
 r - a potion of poison {unknown}
 t - a potion of brilliance {unknown}
Books
 b - a book of Flames

   Spells                             Type                      Level
   a - Flame Tongue                   Conjuration/Fire             1
   b - Throw Flame                    Conjuration/Fire             2
   c - Conjure Flame                  Conjuration/Fire             3
   d - Inner Flame                    Hexes/Fire                   3
   e - Sticky Flame                   Conjuration/Fire             4
   f - Fireball                       Conjuration/Fire             5
 h - a book of Maledictions

   Spells                             Type                      Level
   a - Corona                         Hexes                        1
   b - Ensorcelled Hibernation        Hexes/Ice                    2
   c - Confuse                        Hexes                        3
   d - Tukima's Dance                 Hexes                        3
   e - Dazzling Spray                 Conjuration/Hexes            3
 q - a book of Conjurations

   Spells                             Type                      Level
   a - Magic Dart                     Conjuration                  1
   b - Searing Ray                    Conjuration                  2
   c - Dazzling Spray                 Conjuration/Hexes            3
   d - Fulminant Prism                Conjuration/Hexes            4
   e - Iskenderun's Mystic Blast      Conjuration                  4
   f - Iskenderun's Battlesphere      Conjuration/Charms           5
Comestibles
 c - 2 bread rations
 p - a meat ration


   Skills:
 + Level 2.6 Polearms
 - Level 1.5 Dodging
 - Level 1.5 Stealth
 - Level 1.5 Spellcasting
 + Level 4.8 Conjurations
 - Level 5.2 Fire Magic


You had 2 spell levels left.
You knew the following spells:

 Your Spells              Type           Power        Failure   Level  Hunger
a - Flame Tongue          Conj/Fire      ####.        3%          1    ##.....
b - Throw Flame           Conj/Fire      ####..       6%          2    ###....
c - Conjure Flame         Conj/Fire      ####....     12%         3    ####...


Dungeon Overview and Level Annotations

Branches:
Dungeon (5/15)
 Temple: D:4-7

Altars:


Message History

Aim: a worker ant (severely wounded)
You feel a surge of power!
The flame tongue hits the worker ant.
You kill the worker ant!
* * * LOW HITPOINT WARNING * * *
You feel sick.
Drink which item? (? for menu, Esc to quit)
Okay, then.
Unknown command.
Unknown command.
* * * LOW HITPOINT WARNING * * *
You feel sick.
Your extra speed is starting to run out.
* * * LOW HITPOINT WARNING * * *
You feel sick.
An ogre comes into view. It is wielding a giant club.
Read which item? (? for menu, Esc to quit)
Okay, then.
* * * LOW HITPOINT WARNING * * *
You feel sick. The centaur skeleton hits you.
You die...

######.##
#....O...
#.# #@#
#Z# #.#
#.# #.#
#####.#
#.....#
#.###.#
####†#####


You could see a centaur skeleton.

Vanquished Creatures
  A sky beast (D:5)
  A giant frog skeleton (D:5)
  A centaur skeleton (D:4)
  An orc wizard (D:5)
  A worker ant (D:5)
  Natasha (thrice) (D:2)
  5 adders
  An ooze (D:4)
  An adder skeleton (D:4)
  2 worms (D:4)
  2 giant geckos
  An orc (D:3)
  A ball python (D:4)
  6 giant cockroaches
  8 goblins
  12 hobgoblins
  10 jackals
  5 bats
  A giant cockroach zombie (D:5)
  2 giant newts
  9 kobolds
  9 rats
83 creatures vanquished.

Vanquished Creatures (others)
  An adder (D:2)
  A goblin (D:2)
  2 kobolds (D:2)
  A rat (D:2)
5 creatures vanquished.

Grand Total: 88 creatures vanquished

Notes
Turn   | Place    | Note
--------------------------------------------------------------
     0 | D:1      | FortyThree the Hill Orc Fire Elementalist began the quest for the Orb.
     0 | D:1      | Reached XP level 1. HP: 14/14 MP: 3/3
   157 | D:1      | Reached XP level 2. HP: 18/20 MP: 1/4
   733 | D:1      | Reached XP level 3. HP: 10/26 MP: 0/5
  1159 | D:1      | Reached skill level 4 in Fire Magic
  1165 | D:1      | Learned a level 2 spell: Throw Flame
  1549 | D:2      | Noticed Natasha
  1643 | D:2      | Killed Natasha
  1643 | D:2      | Reached XP level 4. HP: 33/33 MP: 1/6
  1704 | D:2      | Learned a level 3 spell: Conjure Flame
  1786 | D:2      | Noticed Natasha
  1789 | D:2      | Killed Natasha
  1875 | D:2      | Noticed Natasha
  1878 | D:2      | Killed Natasha
  2001 | D:2      | Reached XP level 5. HP: 34/38 MP: 3/7
  2812 | D:4      | Reached skill level 5 in Fire Magic
  3451 | D:5      | Entered Level 5 of the Dungeon
  3503 | D:5      | Reached skill level 1 in Polearms
  3503 | D:5      | Reached XP level 6. HP: 27/45 MP: 2/8
  3506 | D:5      | Noticed a sky beast
  3902 | D:5      | Killed a sky beast
  3944 | D:5      | Noticed an ogre
  3945 | D:5      | Slain by a centaur skeleton

Action                   |  1- 3 |  4- 6 || total
-------------------------+-------+-------++-------
Melee: Dagger            |    64 |     7 ||    71
       Trident           |       |    86 ||    86
 Cast: Flame Tongue      |    52 |    67 ||   119
  Use: Scroll            |       |     6 ||     6
       Potion            |       |     2 ||     2
 Stab: Sleeping          |     8 |     2 ||    10
       Distracted        |       |     1 ||     1
  Eat: Chunk             |     3 |     7 ||    10
       Beef jerky        |       |     1 ||     1
